 Dungeon Crawl Stone Soup version 0.30.1-3-gfc49f6343a (webtiles) character file.

Game seed: 17961359126869005865

4114 spardeous the Destroyer (level 9, -5/62 HPs)
             Began as a Demigod Conjurer on Aug 3, 2023.
             Slain by Pikel
             ... wielding a +2 whip of electrocution
              (13 damage)
             ... on level 8 of the Dungeon.
             The game lasted 00:14:27 (10662 turns).

spardeous the Destroyer (Demigod Conjurer)         Turns: 10662, Time: 00:14:29

Health: -5/62      AC: 12    Str: 15    XL:     9   Next: 78%
Magic:  16/23      EV:  7    Int: 31    God:
Gold:   491        SH:  0    Dex: 15    Spells: 12/21 levels left

rFire   + . .        h - +1 spear (vamp)
rCold   . . .        (no shield)
rNeg    . . .        B - +1 chain mail of Mutualism {Int+3 Dex+3}
rPois   .            C - +0 helmet
rElec   .            (no cloak)
rCorr   .            E - +0 pair of gloves
SInv    .            t - +0 pair of boots of the Three Suns {Str+3}
Will    .....        (no amulet) Stlth
                     l - ring of protection from fire
HPRegen 0.30/turn    (no ring)
MPRegen 0.18/turn

%: no passive effects
@: no status effects
A: high MP 1, forlorn, divine attributes
a: no special abilities


You were on level 8 of the Dungeon.
You visited 1 branch of the dungeon, and saw 8 of its levels.

You collected 491 gold pieces.

Inventory:

Hand Weapons
 h - a +1 vampiric spear (weapon)
Missiles
 r - 2 throwing nets
Armour
 i - a +0 ring mail
 t - the +0 pair of boots of the Three Suns (worn) {Str+3}
   (You found it on level 3 of the Dungeon)

   Str:       It affects your strength (+3).
 B - the +1 chain mail of Mutualism (worn) {Int+3 Dex+3}
   (You found it on level 6 of the Dungeon)

   Int:       It affects your intelligence (+3).
   Dex:       It affects your dexterity (+3).
 C - a +0 helmet (worn)
 E - a +0 pair of gloves (worn)
 F - a +0 buckler
Magical Staves
 q - the staff of death "Povesch" {rPois rC- rN+ Int+3 Stlth+}
   (You found it on level 2 of the Dungeon)

   [staff of death]

   Base accuracy: +5 Base damage: 5 Base attack delay: 1.2 This weapon's minimum
   attack delay (0.6) is reached at skill level 12.
   Int:       It affects your intelligence (+3).
   rC:        It makes you vulnerable to cold.
   rPois:     It protects you from poison.
   rN:        It protects you from negative energy.
   Stlth:     It makes you more stealthy.
   It falls into the 'Staves' category.
   It is a one-handed weapon.
Jewellery
 l - a ring of protection from fire (left hand)
Wands
 s - a wand of polymorph (4)
 z - a wand of flame (48)
 G - a wand of paralysis (8)
Scrolls
 g - a scroll of enchant armour {unknown}
 j - 4 scrolls of identify
 n - a scroll of blinking
 o - a scroll of torment
 v - a scroll of butterflies {unknown}
 w - 2 scrolls of teleportation {unknown}
 x - 2 scrolls of noise {unknown}
 y - 3 scrolls of fog {unknown}
 A - a scroll of poison {unknown}
 D - a scroll of magic mapping {unknown}
 H - a scroll of fear {unknown}
Potions
 a - a potion of haste {unknown}
 b - a potion of magic
 c - 3 potions of degeneration {unknown}
 d - a potion of invisibility
 e - 2 potions of brilliance {unknown}
 f - 4 potions of curing
 k - 2 potions of flight {unknown}
 m - 2 potions of might {unknown}
 p - 3 potions of lignification {unknown}
 u - a potion of mutation {unknown}


   Skills:
 - Level 1.7 Dodging
 - Level 1.7 Stealth
 + Level 6.7 Spellcasting
 - Level 9.5 Conjurations
 + Level 7.0 Translocations


You had 12 spell levels left.
You knew the following spells:

 Your Spells              Type           Power      Damage    Failure   Level
a - Magic Dart            Conj           100%       1d8       1%          1
b - Searing Ray           Conj           100%       2d8       2%          2
c - Iskenderun's Mystic   Conj/Tloc      58%        2d12      24%         4
d - Passwall              Tmut/Erth      8%         N/A       75%         2

Your spell library contained the following spells:

 Spells                   Type           Power      Damage    Failure   Level
 Momentum Strike          Conj/Tloc      100%       3d10      3%          2
 Blink                    Tloc           100%       N/A       6%          2
 Lesser Beckoning         Tloc           100%       N/A       6%          2
 Static Discharge         Conj/Air       80%        2-6/arc   16%         2
 Dazzling Flash           Conj/Hex       80%        N/A       32%         3
 Fulminant Prism          Conj/Hex       20%        3d12      71%         4
 Ensorcelled Hibernation  Hex/Ice        20%        N/A       75%         2
 Inner Flame              Hex/Fire       10%        N/A       92%         3
 Swiftness                Air            10%        N/A       92%         3
 Airstrike                Air            5%         2d(1-17)  100%        4
 Summon Lightning Spire   Summ/Air       10%        N/A       100%        4
 Yara's Violent Unravell  Hex/Tmut       5%         3d4       100%        5
 Enfeeble                 Hex            5%         N/A       100%        7


Dungeon Overview and Level Annotations

Branches:
Dungeon (8/15)             Temple (0/1) D:5
   Lair: D:8-11

Annotations:
D:8 Erica, Pikel, Psyche


Innate Abilities, Weirdness & Mutations

You have an increased reservoir of magic. (+10% MP)
You shall have no god before yourself.
Your divine heritage dramatically boosts your attributes as you level up.


Message History

Pikel is lightly wounded. (Press . to maintain the ray.)
You now have 21/23 mp.
The searing ray misses Pikel.
The searing ray hits the lemure!
The lemure is moderately wounded.
You now have 20/23 mp.
The searing ray hits Pikel!
Pikel is moderately wounded.
The searing ray hits the lemure!
The lemure is almost dead.
You now have 19/23 mp.
The searing ray hits Pikel.
Pikel is moderately wounded.
The searing ray hits the lemure!
You kill the lemure!
That felt strangely unrewarding.
The searing ray misses the lemure.
You finish channelling your searing ray.
Pikel hits you but does no damage.
You are electrocuted!
You take 10 damage, and have 30/62 hp.
You now have 18/23 mp.
Casting: Searing Ray (safe; 2% risk of failure)
Confirm with . or Enter, or press ? or * to list all spells.
Aiming: Searing Ray (safe; 2% risk of failure)
Press: ? - help, Shift-Dir - straight line, f/p - Pikel
Aim: Pikel, wielding a +2 whip of electrocution and wearing a +0 robe (moderately wounded, 79% to hit)
The searing ray hits Pikel.
Pikel is heavily wounded.
The searing ray hits the lemure.
The lemure is lightly wounded. (Press . to maintain the ray.) Pikel hits you but does no damage.
You are electrocuted!!
* * * LOW HITPOINT WARNING * * *
You take 19 damage, and have 11/62 hp.
MASSIVE DAMAGE!!
You now have 16/23 mp.
The searing ray hits Pikel!
Pikel is severely wounded.
The searing ray hits the lemure!
The lemure is heavily wounded.
Pikel hits you with a +2 whip of electrocution.
* * * LOW HITPOINT WARNING * * *
You are electrocuted!
You die...

#..### #........#
##....## ####
#........# #......#
##.......#
#.....### #
##......# ##...###.
## #......#
##..#.... .#
##....#####.....##.
.#
#5.###.......####.
.# #K......).####
#.. .# #@......###
#... ## ##...####
#... # #..### ....
# #.## .... ### ...
..# #... #{.# ...#
5...# .....


You could see Pikel and a lemure.

Vanquished Creatures
  Grinder (D:5)
  A hornet (D:6)
  2 wyverns
  2 steam dragons (D:8)
  Menkaure (D:4)
  2 ice beasts (D:7)
  2 sky beasts (D:7)
  An orc warrior (D:7)
  2 black bears
  4 ogres
  4 centaurs
  2 phantoms
  A lemure (D:8)
  Blork the orc (D:4)
  2 kobold brigands
  A gnoll sergeant (D:8)
  A bullfrog (D:7)
  4 scorpions
  4 wights (D:7)
  3 howler monkeys (D:8)
  A gnoll bouda (D:6)
  An orc priest (D:7)
  5 hounds
  2 iguanas
  A sleepcap (D:7)
  Ijyb (D:3)
  3 orc wizards
  14 gnolls
  7 adders
  A shadow imp (D:7)
  3 white imps
  2 ufetubi
  5 worms
  2 dart slugs
  7 orcs
  6 ball pythons
  11 endoplasms
  3 giant cockroaches
  4 goblins (D:1)
  8 hobgoblins
  28 kobolds
  4 quokkas
  6 bats
  4 frilled lizards
  4 rats
174 creatures vanquished.

Notes
Turn   | Place    | Note
-------+----------+-------------------------------------------
     0 | D:1      | spardeous the Demigod Conjurer began the quest for the Orb.
     0 | D:1      | Reached XP level 1. HP: 14/14 MP: 5/5
   287 | D:1      | Reached skill level 4 in Conjurations
   344 | D:1      | Reached XP level 2. HP: 20/20 MP: 4/7
  1435 | D:2      | Reached XP level 3. HP: 26/26 MP: 4/8
  1610 | D:2      | Reached skill level 5 in Conjurations
  1809 | D:2      | Identified the staff of death "Povesch" {rPois rC- rN+
                  | Int+3 Stlth+}
  2114 | D:1      | Learned a level 2 spell: Searing Ray
  2122 | D:2      | Reached XP level 4. HP: 33/33 MP: 5/9
  2518 | D:3      | Noticed Ijyb
  2649 | D:3      | Killed Ijyb
  3055 | D:3      | Identified the +0 pair of boots of the Three Suns {Str+3}
  3382 | D:4      | Reached skill level 6 in Conjurations
  3382 | D:4      | Reached XP level 5. HP: 34/38 MP: 4/10
  3568 | D:4      | Noticed Menkaure
  3752 | D:4      | Killed Menkaure
  3865 | D:4      | Noticed Blork the orc
  3869 | D:4      | Killed Blork the orc
  3870 | D:4      | Reached skill level 7 in Conjurations
  3870 | D:4      | Reached XP level 6. HP: 43/45 MP: 5/11
  4817 | D:4      | Reached skill level 8 in Conjurations
  4817 | D:4      | Reached XP level 7. HP: 47/50 MP: 1/12
  5276 | D:5      | Entered Level 5 of the Dungeon
  5282 | D:5      | Learned a level 4 spell: Iskenderun's Mystic Blast
  5861 | D:5      | Noticed Grinder
  5876 | D:5      | Killed Grinder
  5877 | D:5      | Reached skill level 9 in Conjurations
  5945 | D:5      | Found a staircase to the Ecumenical Temple.
  6466 | D:6      | Identified the +1 chain mail of Mutualism {Int+3 Dex+3}
  6494 | D:6      | Reached skill level 1 in Translocations
  6494 | D:6      | Reached XP level 8. HP: 57/57 MP: 7/14
  7147 | D:6      | Noticed a hornet
  7165 | D:6      | Killed a hornet
  8646 | D:7      | Reached XP level 9. HP: 35/62 MP: 4/20
  8771 | D:7      | Reached skill level 5 in Spellcasting
  8771 | D:7      | Reached skill level 5 in Translocations
 10474 | D:8      | Learned a level 2 spell: Passwall
 10512 | D:8      | Noticed Erica
 10514 | D:8      | Noticed Psyche
 10522 | D:8      | HP: 3/62 [Erica/+2 scimitar of flaming (1)]
 10612 | D:8      | Noticed Pikel
 10662 | D:8      | Slain by Pikel

Illustrated notes

Levels and vault maps discovered:
D:1:      psy_arrival_statuary, layout_loops_corners, serial_park_tiny_2,
          hangedman_decor_growths, corexii_item_surrounded_by_moat
D:2:      layout_loops_ring, ebering_ecumenical_altar_sacrificial,
          grunt_ministairs_6
D:3:      layout_basic, uniq_ijyb
D:4:      cheibrodos_thug_alley, layout_loops_corners, uniq_menkaure,
          uniq_blork_the_orc
D:5:      layout_basic, minmay_temple_entry_gardened_gates, uniq_grinder
D:6:      layout_cave_pods, zin_scriptorium, kennysheep_generic_room_2
D:7:      minmay_s_stair_smasher, layout_basic
D:8:      layout_cave_pods, grunt_temple_overflow_open, lair_entry_dummy,
          enter_bailey_2, amcnicky_mini_pool_small, dreamdust_princess_corridor,
          amcnicky_mini_rare_corridor_liquid, kennysheep_just_a_vault,
          uniq_erica, uniq_pikel, uniq_psyche

Skill      XL: |  1  2  3  4  5  6  7  8  9 |
---------------+----------------------------+-----
Conjurations   | 4 5 6 7 8 9 |  9.5
Spellcasting   | 2 4 6 |  6.7
Translocations | 1 4 7 |  7.0
Dodging        | |  1.7
Stealth        | |  1.7

Action                     |  1- 3 |  4- 6 |  7- 9 || total
---------------------------+-------+-------+-------++-------
  Melee: Spear             |       |       |    36 ||    36
   Cast: Magic Dart        |    76 |   108 |    86 ||   270
         Searing Ray       |     1 |    16 |    72 ||    89
    Use: Potion            |       |     1 |     1 ||     2
         Scroll            |       |       |     3 ||     3
 Armour: Ring mail         |     1 |    22 |     3 ||    26
         Chain mail        |       |       |   105 ||   105
  Dodge: Dodged            |     5 |    31 |    58 ||    94
